 Dungeon Crawl Stone Soup version 0.28-a0-1613-gdaab1c2f9b (webtiles) character file.

Game seed: 6368293514719522783

1220 lonewolfV2 the Chopper (level 8, -1/61 HPs)
             Began as a Demonspawn Fighter on Jan 21, 2022.
             Slain by an orc warrior (5 damage)
             ... on level 6 of the Dungeon.
             The game lasted 00:11:10 (6791 turns).

lonewolfV2 the Chopper (Demonspawn Fighter)         Turns: 6791, Time: 00:11:12

Health: -1/61      AC: 15    Str: 18    XL:     8   Next: 23%
Magic:  8/8        EV:  5    Int: 10    God:
Gold:   208        SH:  6    Dex: 13    Spells: 7/7 levels left

rFire   . . .      SeeInvis .   a - +0 war axe (chaos)
rCold   . . .      Faith    .   c - +1 buckler
rNeg    . . .      Spirit   .   k - +3 plate armour
rPois   .          Reflect  .   (no helmet)
rElec   .          Harm     .   (no cloak)
rCorr   .          Rampage  .   (no gloves)
Will    .....                   (no boots)
Stlth   ..........              (no amulet)
HPRegen 0.20/turn               (no ring)
MPRegen 0.11/turn               (no ring)

@: mighty, about to teleport
A: foul stench 2, weakness stinger 2
a: no special abilities


You were on level 6 of the Dungeon.
You visited 2 branches of the dungeon, and saw 7 of its levels.

You collected 208 gold pieces.

Inventory:

Hand Weapons
 a - a +0 war axe of chaos (weapon)
Armour
 b - a +0 scale mail
 c - a +1 buckler (worn)
 k - a +3 plate armour (worn)
Scrolls
 f - a scroll of enchant weapon {unknown}
 j - 4 scrolls of identify
Potions
 e - a potion of haste
 g - 2 potions of degeneration
 h - a potion of cancellation


   Skills:
 + Level 4.9 Fighting
 + Level 6.7 Axes
 + Level 4.9 Armour
 + Level 0.9 Dodging
 + Level 0.7 Stealth
 + Level 3.7 Shields


You had 7 spell levels left.
You didn't know any spells.
Your spell library contained the following spells:

 Spells                   Type           Power      Damage    Failure   Level
 Sandblast                Erth           0%         2d4       100%        1
 Ensorcelled Hibernation  Hex/Ice        0%         N/A       100%        2
 Passwall                 Tmut/Erth      0%         N/A       100%        2
 Sublimation of Blood     Necr           0%         N/A       100%        2
 Wereblood                Tmut           0%         N/A       100%        2
 Stone Arrow              Conj/Erth      0%         3d7       100%        3
 Swiftness                Air            0%         N/A       100%        3
 Summon Hydra             Summ           0%         N/A       100%        7


Dungeon Overview and Level Annotations

Branches:
Dungeon (6/15)             Temple (1/1) D:4

Altars:
Cheibriados
Dithmenos
Elyvilon
Gozag
Kikubaaqudgha
Okawaru
Qazlal
Sif Muna
Trog
Uskayaw
Vehumet
Xom
Yredelemnul
Zin
The Shining One

Shops:
D:3 *

Annotations:
D:4 3 runed translucent doors, a3don's ghost, amateur DECj


Innate Abilities, Weirdness & Mutations

You sometimes emit foul miasma when damaged in melee.
You have a tail ending in a sharp stinger.


Message History

The orc warrior shouts!
The gnoll shouts!
A bullfrog comes into view.
You feel very mighty all of a sudden. You block the gnoll's attack.
An orc comes into view. It is wielding a +0 club.
The gnoll hits you from afar with a +0 halberd.
The gnoll hits you from afar with a +0 halberd.
The gnoll hits you but does no damage.
An orc comes into view. It is wielding a +0 flail.
You barely miss the gnoll.
The orc shouts!
The gnoll hits you with a +0 halberd.
The gnoll hits you from afar with a +3 halberd!
The gnoll hits you with a +0 halberd! The gnoll hits you but does no damage.
You block the orc warrior's attack. The gnoll hits you but does no damage.
You barely miss the gnoll. The gnoll hits you with a +0 halberd!
You emit a cloud of foul miasma!
An orc comes into view. It is wielding a +0 short sword.
The gnoll is engulfed in dark miasma.
The gnoll is poisoned.
The gnoll hits you but does no damage.
The gnoll hits you from afar with a +0 spear.
You block the gnoll's attack.
The orc warrior hits you but does no damage.
As you read the scroll of teleportation, it crumbles to dust.
You feel strangely unstable.
The gnoll is engulfed in dark miasma.
The gnoll looks even sicker.
The gnoll hits you but does no damage.
The gnoll hits you from afar with a +0 spear.
The gnoll hits you but does no damage.
The orc warrior hits you from afar with a +0 halberd!
* * * LOW HITPOINT WARNING * * *
The gnoll is engulfed in dark miasma.
The gnoll looks even sicker.
The gnoll closely misses you.
You feel better.
The gnoll is engulfed in dark miasma.
The gnoll looks as sick as possible!
The gnoll hits you but does no damage.
The gnoll hits you from afar with a +0 spear.
* * * LOW HITPOINT WARNING * * *
The gnoll hits you from afar with a +3 halberd.
* * * LOW HITPOINT WARNING * * *
The orc warrior hits you from afar with a +0 halberd.
You die...

........... ............
...g....o..# ..........# ..
....goo..# #. #...ogg.#
#.##### #..#g># #.##..
###..#@# #. #.##.#
#####..gF..###.# #.##.#
#...#.###...##.#####....###
#...#.# #.#...............#
#.....###.#...........###..
#.....##..#...........# ###
#...#....###..........#####
#...###..###...........<...
#..####...............#####


You could see an orc warrior, a bullfrog, 5 gnolls and 3 orcs.

Vanquished Creatures
  A centaur zombie (D:6)
  Prince Ribbit (D:6)
  A necrophage (D:5)
  An ogre (D:5)
  A phantom (D:5)
  2 scorpions
  A hound (D:4)
  A gnoll shaman (D:5)
  2 iguanas
  A hound zombie (D:5)
  A howler monkey zombie (D:5)
  7 gnolls
  3 adders
  An ufetubus (D:5)
  An adder skeleton (D:4)
  2 dart slugs (D:1)
  17 orcs
  5 ball pythons
  6 bats
  11 endoplasms
  A giant cockroach (D:2)
  13 goblins
  3 hobgoblins (D:1)
  2 jackals (D:1)
  3 quokkas
  7 frilled lizards
  5 kobolds
  9 rats
109 creatures vanquished.

Notes
Turn   | Place    | Note
-------+----------+-------------------------------------------
     0 | D:1      | lonewolfV2 the Demonspawn Fighter began the quest for the
                  | Orb.
     0 | D:1      | Reached XP level 1. HP: 18/18 MP: 1/1
    59 | D:1      | Gained mutation: You may rarely emit foul miasma when
                  | damaged in melee. [demonic ancestry]
    59 | D:1      | Reached XP level 2. HP: 15/24 MP: 2/2
   278 | D:1      | Reached skill level 2 in Axes
   669 | D:1      | Reached XP level 3. HP: 29/29 MP: 3/3
  1632 | D:2      | Gained mutation: You have a small tail. [demonic ancestry]
  1632 | D:2      | Reached XP level 4. HP: 25/35 MP: 4/4
  1638 | D:2      | Reached skill level 3 in Axes
  2893 | D:3      | Found Hunaupar's General Store.
  3250 | D:4      | Found a runed translucent gate.
  3250 | D:4      | Found a runed translucent gate.
  3250 | D:4      | Found a runed translucent gate.
  3261 | D:4      | Noticed a3don's ghost (amateur DECj)
  3472 | D:4      | Noticed a scorpion
  3480 | D:4      | Killed a scorpion
  3481 | D:4      | Reached XP level 5. HP: 21/41 MP: 5/5
  3752 | D:4      | Reached skill level 4 in Axes
  4244 | D:4      | Gained mutation: You sometimes emit foul miasma when
                  | damaged in melee. [demonic ancestry]
  4244 | D:4      | Reached XP level 6. HP: 39/47 MP: 6/6
  4394 | D:4      | Found a staircase to the Ecumenical Temple.
  4409 | Temple   | Entered the Ecumenical Temple
  5349 | D:5      | Entered Level 5 of the Dungeon
  5897 | D:5      | Reached skill level 5 in Axes
  5897 | D:5      | Gained mutation: You have a tail ending in a sharp stinger.
                  | [demonic ancestry]
  5897 | D:5      | Reached XP level 7. HP: 38/54 MP: 7/7
  6631 | D:6      | Noticed Prince Ribbit
  6639 | D:6      | Killed Prince Ribbit
  6640 | D:6      | Reached skill level 6 in Axes
  6644 | D:6      | Reached XP level 8. HP: 41/61 MP: 8/8
  6791 | D:6      | Slain by an orc warrior

Illustrated notes

Levels and vault maps discovered:
D:1:      dpeg_arrival_arbitrary_b, layout_basic, serial_aquarium,
          aquarium_bridge_square [aquarium_subvault_bridge,
          aquarium_subvault_bridge, aquarium_subvault_wall,
          aquarium_subvault_window], aquarium_bridge_straight
          [aquarium_subvault_bridge, aquarium_subvault_window,
          aquarium_subvault_bridge, aquarium_subvault_wall], aquarium_window_2,
          aquarium_window_fake, aquarium_window_1, aquarium_view_2e,
          aquarium_view_2d, aquarium_balcony_1b, aquarium_pool_1,
          lemuel_another_geyser
D:2:      layout_basic
D:3:      layout_basic, mainiacjoe_overflow_six_doors_small, serial_shops, shop,
          kennysheep_generic_room_5
D:4:      minmay_general_purpose_star, layout_gridville,
          minmay_temple_entry_antechambers, gammafunk_ghost_necromancy,
          amethyst_killhole, dk_noncrumbling_2
D:5:      layout_gridville, serial_rivers, chequers_serial_rivers_micro_d,
          chequers_serial_rivers_micro_b, chequers_serial_rivers_small_a,
          chequers_serial_rivers_small_b, chequers_serial_rivers_room_b
D:6:      layout_rooms, mainiacjoe_overflow_alcove_4,
          lemuel_coloured_pillars_altar,
          mainiacjoe_overflow_concentric_impassable, uniq_prince_ribbit1
Temple:   minmay_temple_curvy_branch

Skill      XL: |  1  2  3  4  5  6  7 |
---------------+----------------------+-----
Axes           | 2 3 4 5 6 |  6.7
Armour         | 3 4 |  4.9
Shields        | 3 |  3.7
Fighting       | 4 |  4.9
Dodging        | |  0.9
Stealth        | |  0.7

Action                   |  1- 3 |  4- 6 |  7- 9 || total
-------------------------+-------+-------+-------++-------
Melee: War axe           |   115 |   150 |    40 ||   305
       Tailslap          |       |    19 |     3 ||    22
  Use: Scroll            |     3 |     5 |     4 ||    12
       Potion            |       |     2 |     2 ||     4
Armor: Scale mail        |    89 |    34 |       ||   123
       Plate armour      |       |    25 |    39 ||    64
Dodge: Dodged            |    80 |    40 |    11 ||   131
Block: Buckler           |    40 |    47 |    12 ||    99

Table legend: (Time is in decaauts)
 A = Elapsed time spent in this place.
 B = Non-inter-level travel time spent in this place.
 C = Inter-level travel time spent in this place.
 D = Time resting spent in this place.
 E = Time spent auto-exploring this place.
 F = Levels seen in this place.
 G = Mean time per level.
                   A        B        C        D        E       F      G
               +--------+--------+--------+--------+--------+-----+--------+
         Total |   6904 |   6795 |    109 |   1465 |   3642 |   7 |  986.3 |
       Dungeon |   6341 |   6241 |    100 |   1465 |   3642 |   6 | 1056.8 |
        Temple |    562 |    553 |      9 |      0 |      0 |   1 |  562.0 |
               +--------+--------+--------+--------+--------+-----+--------+

Top non-repeatable levels by time:
     D:4: 1619 daAuts
     D:2: 1254 daAuts
     D:5: 1145 daAuts
     D:3: 1006 daAuts
     D:1: 994 daAuts
  Temple: 562 daAuts
     D:6: 322 daAuts
